 Dungeon Crawl Stone Soup version 0.29.1-12-g30fa7ad0bf (webtiles) character file.

Game seed: 535895063807537893

9629 concernfroge the Spear-Bearer (level 11, 0/95 HPs)
             Began as a Mummy Monk on Dec 18, 2022.
             Was an Elder of Ashenzari.
             Slain by a two-headed ogre
             ... wielding a +0 giant spiked club
              (14 damage)
             ... on level 9 of the Dungeon on Dec 19, 2022.
             The game lasted 01:02:08 (12962 turns).

concernfroge the Spear-Bearer (Mummy Monk)         Turns: 12962, Time: 01:02:10

Health: 0/95       AC: 13    Str: 18    XL:     11   Next: 25%
Magic:  0/11       EV:  6    Int:  9    God:    Ashenzari [****..]
Gold:   689        SH:  0    Dex: 16    Spells: 10/10 levels left

rFire   . . .      SeeInvis +   a - +0 glaive
rCold   + . .      Faith    .   (shield currently unavailable)
rNeg    + + +      Spirit   +   q - +0 plate armour "Seer of the Chained God" {Cun, Elem} (curse)
rPois   ∞          Reflect  .   m - +0 helmet "Soothsayer of Ashenzari" {Alch, Self} (curse)
rElec   .          Harm     .   f - +0 cloak "At What Cost Knowledge?" {Fort, Elem} (curse)
rCorr   .          Rampage  .   u - +0 pair of gloves of Supernal Wisdom {Comp, Bglg} (curse)
Will    +....      Clarity  +   t - -1 pair of boots "Share My Doubts" {rF+ rN+, Alch, Fort} (curse)
Stlth   ..........              w - amulet "Revealing Disgust" {Spirit, Self, Bglg} (curse)
HPRegen 0.25/turn               (no ring)
MPRegen 0.12/turn               (no ring)

@: no status effects
A: cold resistance 1, negative energy resistance 3, torment resistance 2, heat
vulnerability 1, in touch with death 1, no potions
a: Renounce Religion, Shatter the Chains


You were on level 9 of the Dungeon.
You worshipped Ashenzari.
Ashenzari was greatly pleased with you.
You visited 2 branches of the dungeon, and saw 12 of its levels.

You collected 884 gold pieces.
You spent 195 gold pieces at shops.

Inventory:

Hand Weapons
 a - a +0 glaive (weapon)
 b - a +0 trident
Missiles
 d - 6 boomerangs
 e - 47 stones
 i - 15 poisoned darts (quivered)
Armour
 c - a +0 pair of boots
 f - the cursed +0 cloak "At What Cost Knowledge?" (worn) {Fort, Elem}
   (You found it on level 1 of the Dungeon)

   It has a curse which improves the following skills: Fortitude: Armour and
   Shields.
   Elements:  Fire Magic, Ice Magic, Air Magic and Earth Magic.
 m - the cursed +0 helmet "Soothsayer of Ashenzari" (worn) {Alch, Self}
   (You took it off Robin on level 2 of the Dungeon)

   It has a curse which improves the following skills: Alchemy: Poison Magic and
   Transmutations.
   Introspection: Fighting and Spellcasting.
 q - the cursed +0 plate armour "Seer of the Chained God" (worn) {Cun, Elem}
   (You took it off an orc on level 4 of the Dungeon)

   It has a curse which improves the following skills: Cunning: Dodging and
   Stealth.
   Elements:  Fire Magic, Ice Magic, Air Magic and Earth Magic.
 t - the cursed -1 pair of boots "Share My Doubts" (worn) {rF+ rN+, Alch, Fort}
   (You acquired it on level 6 of the Dungeon)

   rF:        It protects you from fire.
   rN:        It protects you from negative energy.
   It has a curse which improves the following skills: Alchemy: Poison Magic and
   Transmutations.
   Fortitude: Armour and Shields.
 u - the cursed +0 pair of gloves of Supernal Wisdom (worn) {Comp, Bglg}
   (You found it on level 8 of the Dungeon)

   It has a curse which improves the following skills: Companions: Summonings
   and Necromancy.
   Beguiling: Conjurations, Hexes and Translocations.
Jewellery
 v - a ring of ice
 w - the cursed amulet "Revealing Disgust" (around neck) {Spirit, Self, Bglg}
   (You found it on level 8 of the Dungeon)

   [amulet of guardian spirit]

   It causes incoming damage to be divided between your reserves of health and
   magic.
   It has a curse which improves the following skills: Introspection: Fighting
   and Spellcasting.
   Beguiling: Conjurations, Hexes and Translocations.
Wands
 o - a wand of polymorph (1)
Scrolls
 g - 2 scrolls of amnesia
 h - a scroll of enchant armour
 k - a scroll of blinking
 p - a scroll of vulnerability
 r - 2 scrolls of noise


   Skills:
 - Level 8.9(11.9) Fighting
 + Level 13.3 Polearms
 - Level 2.4(4.0) Dodging
 - Level 1.5(2.9) Stealth


You had 10 spell levels left.
You didn't know any spells.
Your spell library contained the following spells:

 Spells                   Type           Power      Damage    Failure   Level
 Foxfire                  Conj/Fire      0%         2x1d4     100%        1
 Freeze                   Ice            0%         1d3       100%        1
 Magic Dart               Conj           0%         1d3       100%        1
 Sandblast                Erth           0%         2d4       100%        1
 Passwall                 Tmut/Erth      0%         N/A       100%        2
 Searing Ray              Conj           0%         2d4       100%        2
 Conjure Flame            Conj/Fire      0%         6-21      100%        3
 Frozen Ramparts          Ice            0%         1d1       100%        3
 Gell's Gravitas          Tloc           0%         N/A       100%        3
 Inner Flame              Hex/Fire       0%         N/A       100%        3
 Lesser Beckoning         Tloc           0%         N/A       100%        3
 Stone Arrow              Conj/Erth      0%         3d7       100%        3
 Teleport Other           Tloc           0%         N/A       100%        3
 Flame Wave               Conj/Fire      0%         2d4       100%        4
 Fulminant Prism          Conj/Hex       0%         3d6       100%        4
 Hailstorm                Conj/Ice       0%         3d3       100%        4
 Petrify                  Tmut/Erth      0%         N/A       100%        4
 Metabolic Englaciation   Hex/Ice        0%         N/A       100%        5
 Dispersal                Tloc           0%         N/A       100%        6
 Summon Hydra             Summ           0%         N/A       100%        7
 Sublimation of Blood     Necr           Unusable   N/A       N/A         2
 Wereblood                Tmut           Unusable   N/A       N/A         2
 Statue Form              Tmut/Erth      Unusable   N/A       N/A         6

Dungeon Overview and Level Annotations

Branches:
Dungeon (11/15)            Temple (1/1) D:5            Lair (0/5) D:10
    Orc (0/2) D:11

Altars:
Ashenzari
Cheibriados
Dithmenos
Fedhas
Gozag
Hepliaklqana
Kikubaaqudgha
Makhleb
Nemelex Xobeh
Okawaru
Qazlal
Ru
Sif Muna
Trog
Uskayaw
Vehumet
Wu Jian
Xom
Yredelemnul

Shops:
D:11 *

Annotations:
D:5 2 runed translucent doors, Lutefisk's ghost, novice TeAE
D:7 exclusion: downstairs
D:8 Erica; Maggie
D:9 exclusion: two-headed ogre
D:10 Nergalle; Snorg


Innate Abilities, Weirdness & Mutations

You are immune to poison.
Your flesh is cold resistant. (rC+)
You are immune to negative energy. (rN+++)
You are immune to unholy pain and torment.
You are vulnerable to heat. (rF-)
You are in touch with the powers of death.
You do not drink.


Message History

As you read the scroll of blinking, it crumbles to dust.
As you read the scroll of fog, it crumbles to dust.
The scroll dissolves into smoke.
You start resting.
You carefully extract the barbed spikes from your body.
You start resting.
A manticore is nearby!
Blink to where?
Press: ? - help, Dir - move target
As you read the scroll of blinking, it crumbles to dust.
The howler monkey hoots and howls with incredible vigour!
You hear a shout! x4
You hear a shout! x2
You hear a shout!
You see here a potion of lignification.
The howler monkey hoots and howls with incredible vigour! x2
You hear a shout!
You see here a +0 ring mail.
An orc warrior comes into view. It is wielding a +0 halberd.
An orc warrior comes into view. It is wielding a +0 trident.
The orc warrior unwields a +0 trident.
The orc warrior wields a +0 shortbow.
The orc warrior shoots an arrow.
The arrow hits you.
* * * LOW HITPOINT WARNING * * *
There is a stone staircase leading up here.
You climb upwards.
You hear the roar of battle.
There is an entrance to a bailey on this level.
Hurry and find it before the portal closes forever!
The walls and floor vibrate strangely for a moment.
Level annotation: Nergalle; Snorg
There is a stone staircase leading down here.
There is a stone staircase leading up here.
This staircase leads to a travel-excluded area!
Enter next level anyway?
The green ugly thing punches you but does no damage.
You climb upwards.
Level annotation: exclusion: two-headed ogre The two-headed ogre hits you with a +0 giant spiked club.
* * * LOW HITPOINT WARNING * * *
The two-headed ogre hits you with a +0 giant club!!
You die...

.##,,.....#,,,,,,*
#.##*,.#........,*
.#.##,.........#**
#.#.##,.....##.#
##.#.##..#.....##
.##.#.##.#......########
##.#.##..#.............#
#.#.##...#.............#
.#.##.#.........@......#
#.##.#.####......O.....#
.##.#.## #...)........#
##.#.## ##############
#.#.## .#.## #.## .## ##


You could see a two-headed ogre.

Vanquished Creatures
  A two-headed ogre (D:9)
  A cyclops (D:11)
  A gargoyle (D:11)
  An unseen horror (D:11)
  2 hornets
  Grinder (D:5)
  2 trolls
  Prince Ribbit (D:8)
  A shadow (D:9)
  A wraith (D:9)
  3 yaks (D:11)
  2 wyverns (D:9)
  A hog (D:11)
  3 steam dragons
  Edmund (D:6)
  A water moccasin (D:7)
  3 ice beasts
  3 black bears
  2 sky beasts
  2 ogres
  5 orc warriors
  4 centaurs
  A phantom (D:6)
  A kobold brigand (D:9)
  4 bullfrogs
  2 necrophages (D:7)
  A gnoll sergeant (D:9)
  4 scorpions
  9 wights
  10 killer bees
  An electric eel (D:7)
  2 howler monkeys
  6 hounds
  2 jellies
  8 orc priests
  An iguana (D:4)
  4 orc wizards
  Robin (D:2)
  5 gnolls
  5 adders
  A white imp (D:6)
  2 ufetubi (D:5)
  2 worms
  2 dart slugs
  25 orcs
  4 endoplasms
  2 giant cockroaches (D:3)
  10 goblins
  11 hobgoblins
  4 jackals
  10 kobolds
  4 quokkas
  2 ball pythons (D:1)
  6 bats
  3 frilled lizards
  2 rats
199 creatures vanquished.

Vanquished Creatures (collateral kills)
  A hydra (D:9)
  A scorpion (D:5)
  2 howler monkeys
  An orc priest (D:8)
  A hound (D:5)
  3 orc wizards
  9 orcs
18 creatures vanquished.

Vanquished Creatures (others)
  A centaur (D:9)
  An orc wizard (D:6)
  A gnoll (D:9)
  2 orcs
5 creatures vanquished.

Grand Total: 222 creatures vanquished

Notes
Turn   | Place    | Note
-------+----------+-------------------------------------------
     0 | D:1      | concernfroge the Mummy Monk began the quest for the Orb.
     0 | D:1      | Reached XP level 1. HP: 18/18 MP: 1/1
   326 | D:1      | Reached XP level 2. HP: 24/24 MP: 2/2
   696 | D:2      | You fall into a shaft and drop 2 floors!
   721 | D:4      | Found an ancient bone altar of Kikubaaqudgha.
   929 | D:3      | Noticed Robin
   992 | D:2      | Gained mutation: You are in touch with the powers of death.
                  | [Mummy growth]
   992 | D:2      | Reached XP level 3. HP: 28/30 MP: 3/3
  1936 | D:2      | Reached XP level 4. HP: 38/38 MP: 4/4
  1951 | D:2      | Identified the +0 ring mail of the Cicada {Dex+2}
  2000 | D:2      | Reached skill level 5 in Fighting
  2568 | D:2      | Killed Robin
  2920 | D:4      | Reached XP level 5. HP: 45/46 MP: 5/5
  3218 | D:4      | Found a shimmering altar of Xom.
  3305 | D:4      | Found a radiant altar of Vehumet.
  3397 | D:4      | Reached XP level 6. HP: 53/53 MP: 6/6
  3416 | D:4      | Found a basalt altar of Yredelemnul.
  3426 | D:4      | Found the +3 woodcutter's axe {vorpal}
  3922 | D:5      | Entered Level 5 of the Dungeon
  3942 | D:5      | Found a snail-covered altar of Cheibriados.
  3977 | D:5      | Found a staircase to the Ecumenical Temple.
  3988 | Temple   | Entered the Ecumenical Temple
  4253 | Temple   | Became a worshipper of Ashenzari the Shackled
  4299 | D:5      | Reached * piety under Ashenzari
  4701 | D:5      | Found a large runed translucent door.
  4701 | D:5      | Found a large runed translucent door.
  4704 | D:5      | Identified the ring of Recklessness {Fly rC+ Will+ Dex+3}
  4714 | D:5      | Noticed Lutefisk's ghost (novice TeAE)
  4717 | D:5      | Reached XP level 7. HP: 28/63 MP: 7/7
  5772 | D:6      | Noticed Grinder
  5787 | D:5      | Reached ** piety under Ashenzari
  5866 | D:5      | Reached skill level 3 in Polearms
  5923 | D:5      | Reached skill level 4 in Polearms
  6111 | D:5      | Killed Grinder
  6112 | D:5      | Reached XP level 8. HP: 50/72 MP: 8/8
  6354 | D:6      | Reached skill level 5 in Polearms
  6359 | D:6      | Identified a scroll of acquirement
  6370 | D:6      | Acquired the -1 pair of boots "Lisa" {rF+ rN+}
  6477 | D:6      | Noticed Edmund
  6501 | D:6      | Killed Edmund
  6564 | D:6      | Reached skill level 6 in Polearms
  6948 | D:6      | Reached skill level 7 in Polearms
  7105 | D:6      | Reached XP level 9. HP: 37/78 MP: 9/9
  7458 | D:7      | Reached skill level 8 in Polearms
  7814 | D:7      | Reached skill level 9 in Polearms
  8345 | D:7      | Found a shimmering blue altar of Sif Muna.
  8695 | D:7      | Reached skill level 10 in Polearms
  9218 | D:8      | Noticed Prince Ribbit
  9238 | D:8      | Killed Prince Ribbit
  9239 | D:8      | Reached XP level 10. HP: 63/85 MP: 10/10
  9396 | D:8      | Noticed Maggie
  9833 | D:8      | Found a sacrificial altar of Ru.
  9833 | D:8      | Noticed Erica
  9879 | D:9      | Reached *** piety under Ashenzari
 10150 | D:9      | Noticed a six-headed hydra
 10161 | D:9      | Killed a six-headed hydra
 10162 | D:9      | Reached skill level 11 in Polearms
 11237 | D:9      | Noticed a two-headed ogre
 11277 | D:9      | Killed a two-headed ogre
 11278 | D:9      | Reached skill level 12 in Polearms
 11602 | D:9      | Found a hazy altar of Hepliaklqana.
 11798 | D:9      | Noticed a two-headed ogre
 11808 | D:10     | Entered Level 10 of the Dungeon
 11808 | D:10     | Noticed Snorg
 11814 | D:10     | Noticed Nergalle
 11819 | D:10     | Found a staircase to the Lair.
 11825 | D:10     | Noticed a green ugly thing
 12012 | D:11     | Reached XP level 11. HP: 93/93 MP: 11/11
 12046 | D:11     | Found Haidab's Assorted Antiques.
 12397 | D:11     | Noticed Sonja
 12443 | D:11     | Reached skill level 13 in Polearms
 12709 | D:11     | Bought a scroll labelled UREOTHR NAGUEPS for 39 gold pieces
 12709 | D:11     | Bought a scroll of poison for 156 gold pieces
 12736 | D:11     | Found a staircase to the Orcish Mines.
 12785 | D:11     | Reached **** piety under Ashenzari
 12913 | D:11     | Noticed Sonja
 12913 | D:11     | Sonja changed into Sonja the hog
 12917 | D:11     | Killed Sonja the hog
 12962 | D:9      | Slain by a two-headed ogre

Illustrated notes

Levels and vault maps discovered:
D:1:      lightli_arrival_windingriver, layout_rooms, palyth_stone_intersect
D:2:      layout_loops_cross
D:3:      layout_rooms, uniq_robin
D:4:      layout_basic, mainiacjoe_overflow_boulevard,
          nicolae_vehumet_altar_sigil, lemuel_round_altar, amcnicky_altar_gilded
D:5:      layout_basic, mainiacjoe_overflow_small_starburst,
          minmay_temple_entry_trees, ebering_ghost_disaster_area
D:6:      minmay_polygon_palace, layout_cave_pools, uniq_grinder, uniq_edmund
D:7:      cheibrodos_two_vegetables, layout_cave_pools,
          nicolae_sif_muna_condensation, tso_metal_star,
          minmay_misc_feat_nine_boxes, minivault_23,
          amcnicky_mini_rare_corridor_liquid
D:8:      layout_basic, general_overflow_altar, grunt_ministairs_7,
          st_stairs_10, blue_anna_alchemist, uniq_joseph, uniq_erica,
          uniq_maggie, uniq_prince_ribbit1
D:9:      minmay_inner_zag, layout_basic, nicolae_hepliaklqana_hippocampus
D:10:     layout_cave_pools, erik_lair_island, enter_bailey_5, uniq_nergalle,
          uniq_snorg
D:11:     layout_big_octagon, minmay_orc_entry_temple_small, nrook_campfire,
          kennysheep_windowed_goal, uniq_sonja
Temple:   oiseaux_autumnal_temple

Skill      XL: |  1  2  3  4  5  6  7  8  9 10 11 |
---------------+----------------------------------+-----
Fighting       | 4 5 6 8 |  8.9
Polearms       | 4 7 10 12 13 | 13.3
Dodging        | |  2.4
Stealth        | |  1.5

Action                   |  1- 3 |  4- 6 |  7- 9 | 10-12 || total
-------------------------+-------+-------+-------+-------++-------
Melee: Spear             |   140 |   165 |   407 |    15 ||   727
       Punch             |     2 |     1 |     4 |       ||     7
       Trident           |       |       |    55 |    24 ||    79
       Halberd           |       |       |       |   211 ||   211
       Glaive            |       |       |       |    10 ||    10
Throw: Boomerang         |    26 |     2 |    55 |     6 ||    89
       Dart              |       |    24 |    34 |    50 ||   108
       Throwing net      |       |       |       |     1 ||     1
Invok: Curse Item        |       |     2 |     2 |     3 ||     7
       Shatter the Chain |       |       |     1 |       ||     1
Evoke: Wand              |       |       |     3 |    16 ||    19
  Use: Scroll            |     4 |     2 |     2 |    17 ||    25
 Stab: Sleeping          |     1 |     1 |       |       ||     2
       Paralysed         |       |       |     8 |       ||     8
       Held in net/web   |       |       |       |     3 ||     3
Armor: Ring mail         |    56 |    41 |       |       ||    97
       Robe              |     2 |       |       |       ||     2
       Plate armour      |       |    49 |   296 |   110 ||   455
Dodge: Dodged            |    95 |    68 |   118 |    65 ||   346
